 Dungeon Crawl Stone Soup version 0.30-a0-739-gea05faddec (webtiles) character file.

Game seed: 3148046866140672982

119 KleinerIrrer the Trooper (level 5, -3/57 HPs)
             Began as an Ogre Berserker on Feb 4, 2023.
             Was a Believer of Trog.
             Slain by a goblin
             ... wielding a +0 club
             ... led by Robin
              (5 damage)
             ... on level 3 of the Dungeon.
             The game lasted 00:02:26 (1475 turns).

KleinerIrrer the Trooper (Ogre Berserker)           Turns: 1475, Time: 00:02:27

Health: -3/57      AC:  3    Str: 23    XL:     5   Next: 3%
Magic:  5/5        EV: 10    Int:  8    God:    Trog [**....]
Gold:   87         SH:  0    Dex:  8    Spells: 4/4 levels left

rFire   . . .      SeeInvis .    a - +0 mace
rCold   . . .      Faith    .    (no shield)
rNeg    . . .      Spirit   .    b - +0 animal skin
rPois   .          Reflect  .    (helmet restricted)
rElec   .          Harm     .    (no cloak)
rCorr   .          Rampage  .    (gloves unavailable)
Will    .....                    (boots unavailable)
Stlth   +                        (no amulet)
HPRegen 0.29/turn                (no ring)
MPRegen 0.09/turn                (no ring)

@: brilliant, on berserk cooldown, slowed, very slow
A: large, unfitting armour, tough skin 1
a: Renounce Religion, Berserk, Trog's Hand


You were on level 3 of the Dungeon.
You worshipped Trog.
Trog was pleased with you.
You visited 1 branch of the dungeon, and saw 3 of its levels.

You collected 87 gold pieces.

Inventory:

Hand Weapons
 a - a +0 mace (weapon)
Missiles
 c - 6 datura-tipped darts (quivered)
 i - 4 boomerangs
Armour
 b - a +0 animal skin (worn)
Scrolls
 d - 5 scrolls of identify {unknown}
 e - 2 scrolls of fog {unknown}
 f - 2 scrolls of teleportation {unknown}
 g - a scroll of noise {unknown}
 j - a scroll of blinking {unknown}
 m - a scroll of immolation {unknown}
Potions
 h - a potion of brilliance
 k - a potion of curing {unknown}
 l - a potion of might {unknown}
 n - a potion of flight {unknown}


   Skills:
 + Level 5.2 Fighting
 * Level 4.4 Maces & Flails
 - Level 2.6 Dodging


You had 4 spell levels left.
You didn't know any spells.
Your spell library was empty.

Dungeon Overview and Level Annotations

Branches:
Dungeon (3/15)

Altars:

Shops:
D:3 =

Annotations:
D:3 Robin


Innate Abilities, Weirdness & Mutations

You are too large for most types of armour.
You have tough skin. (AC +1)


Message History

You closely miss the hobgoblin. The goblin hits you with a +0 club.
The goblin barely misses you.
Robin roars a battlecry!
The goblins go into a battle-frenzy!
The hobgoblin barely misses you.
You closely miss the hobgoblin. The goblin hits you with a +0 club. x2
Robin hits you from afar with a +0 spear.
The goblin hits you with a +0 club.
* * * LOW HITPOINT WARNING * * *
The hobgoblin hits you.
* * * LOW HITPOINT WARNING * * *
Found Madon's Jewellery Boutique.
The goblin unwields a +0 club.
The goblin wields a +0 sling.
The goblin shoots a sling bullet.
The sling bullet hits you but does no damage.
You see here a hobgoblin corpse.
You hit Robin but do no damage. The goblin misses you.
The hobgoblin barely misses you. The goblin hits you with a +0 club.
* * * LOW HITPOINT WARNING * * *
The goblin shoots a sling bullet.
The sling bullet barely misses you.
The sling bullet closely misses the hobgoblin.
You sock Robin!
Robin is almost dead.
You are no longer berserk.
You are exhausted.
You feel yourself slow down. The goblin barely misses you.
Robin throws the goblin at you! The goblin hits you with a +0 club.
* * * LOW HITPOINT WARNING * * *
The hobgoblin hits you.
* * * LOW HITPOINT WARNING * * *
The hobgoblin hits you.
* * * LOW HITPOINT WARNING * * *
The goblin shoots a sling bullet.
The sling bullet barely misses you.
The sling bullet hits the hobgoblin.
Unknown command.
It was a potion of brilliance.
You feel clever all of a sudden. The goblin closely misses you.
Robin barely misses you.
The hobgoblin hits you but does no damage.
The goblin hits you with a +0 club.
You die...

############
.......<...######
.#########......#
#.........$##
#.###...gg..#
.....###†@g#
.$#####


#ggg# #...... #..##.## #... ∩.. #.... ... ..... ... ...... ... You could see
Robin, 2 hobgoblins and 3 goblins.

Vanquished Creatures
  4 gnolls (D:2)
  3 adders
  A worm (D:2)
  2 dart slugs (D:2)
  5 ball pythons
  4 endoplasms
  A giant cockroach (D:1)
  8 goblins
  5 hobgoblins
  4 kobolds
  3 quokkas
  5 frilled lizards (D:1)
  3 rats
48 creatures vanquished.

Notes
Turn   | Place    | Note
-------+----------+-------------------------------------------
     0 | D:1      | KleinerIrrer the Ogre Berserker began the quest for the
                  | Orb.
     0 | D:1      | Reached XP level 1. HP: 24/24 MP: 1/1
   292 | D:1      | Reached XP level 2. HP: 32/32 MP: 2/2
   438 | D:1      | Found a faded altar of an unknown god.
   688 | D:2      | Reached XP level 3. HP: 38/40 MP: 3/3
   699 | D:2      | Reached XP level 4. HP: 29/49 MP: 4/4
   864 | D:2      | Reached skill level 5 in Fighting
  1104 | D:2      | Reached ** piety under Trog
  1461 | D:3      | Noticed Robin
  1465 | D:3      | Reached XP level 5. HP: 57/57 MP: 5/5
  1472 | D:3      | Found Madon's Jewellery Boutique.
  1474 | D:3      | HP: 2/57 [hobgoblin[Robin] (5)]
  1475 | D:3      | Slain by a goblin

Illustrated notes

Levels and vault maps discovered:
D:1:      elethiomel_arrival_quiet, layout_basic,
          shapermc_ecumenical_altar_rom_forum, hangedman_feature_mirror,
          minmay_surrounded
D:2:      layout_basic, minmay_misc_feat_tiny, kennysheep_generic_room_9
D:3:      layout_loops_ring, serial_shops, shop, uniq_robin

Skill      XL: |  1  2  3  4 |
---------------+-------------+-----
Maces & Flails | 3 4 |  4.4
Fighting       | 5 |  5.2
Dodging        | |  2.6

Action                     |  1- 3 |  4- 6 || total
---------------------------+-------+-------++-------
  Melee: Mace              |    75 |    72 ||   147
         Punch             |     2 |     2 ||     4
 Invoke: Berserk           |     1 |     1 ||     2
    Use: Potion            |       |     1 ||     1
 Armour: Animal skin       |    17 |    22 ||    39
  Dodge: Dodged            |    45 |    41 ||    86

Table legend: (Time is in decaauts)
 A = Elapsed time spent in this place.
 B = Non-inter-level travel time spent in this place.
 C = Inter-level travel time spent in this place.
 D = Time resting spent in this place.
 E = Time spent auto-exploring this place.
 F = Levels seen in this place.
 G = Mean time per level.
                   A        B        C        D        E       F      G
               +--------+--------+--------+--------+--------+-----+--------+
         Total |   1509 |   1497 |     12 |    184 |   1012 |   3 |  503.0 |
       Dungeon |   1509 |   1497 |     12 |    184 |   1012 |   3 |  503.0 |
               +--------+--------+--------+--------+--------+-----+--------+

Top non-repeatable levels by time:
     D:2: 821 daAuts
     D:1: 658 daAuts
     D:3: 28 daAuts
